 Dungeon Crawl Stone Soup version 0.31-a0-218-g813d01f837 (webtiles) character file.

Game seed: 17882925470674143699

23 qw the Shooter (level 2, -2/24 HPs)
             Began as a Minotaur Hexslinger on July 3, 2023.
             Killed by nerve-wracking pain
             ... invoked by Jessica
              (9 damage)
             ... on level 1 of the Dungeon.
             The game lasted 00:00:18 (1022 turns).

qw the Shooter (Minotaur Hexslinger)                Turns: 1022, Time: 00:00:18

Health: -2/24      AC:  6    Str: 15 (18) XL:     2   Next: 75%
Magic:  0/2        EV: 10    Int:  9 (10) God:
Gold:   82         SH:  0    Dex: 10 (12) Spells: 2/3 levels left

rFire   . . .        Y - +1 sling
rCold   . . .        (no shield)
rNeg    . . .        k - +0 ring mail
rPois   .            (helmet restricted)
rElec   .            (no cloak)
rCorr   .            i - +0 pair of gloves
SInv    .            (no boots)
Will    .....        m - amulet of guardian spirit Stlth
                     f - +6 ring of strength
HPRegen 0.24/turn    (no ring)
MPRegen 0.08/turn

%: guardian spirit
@: no status effects
A: horns 2, retaliatory headbutt
a: no special abilities


You were on level 1 of the Dungeon.
You visited 1 branch of the dungeon, and saw 2 of its levels.

You collected 82 gold pieces.


Innate Abilities, Weirdness & Mutations

You have a pair of horns on your head.
You reflexively headbutt those who attack you in melee.


   Skills:
 - Level 2.0 Fighting
 + Level 3.4 Ranged Weapons
 - Level 2.1 Dodging
 - Level 1.0 Spellcasting
 - Level 2.0 Hexes


You had 2 spell levels left.
You knew the following spells:

 Your Spells              Type           Power      Damage    Failure   Level
a - Slow                  Hex            16%        N/A       32%         1

Your spell library contained the following spells:

 Spells                   Type           Power      Damage    Failure   Level
 Inner Flame              Hex/Fire       2%         N/A       82%         3
 Portal Projectile        Hex/Tloc       4%         N/A       82%         3
 Cause Fear               Hex            2%         N/A       97%         4

Inventory:

Hand Weapons
 Y - a +1 sling (weapon)
Armour
 i - a +0 pair of gloves (worn)
 k - a +0 ring mail (worn)
Jewellery
 f - a +6 ring of strength (left hand)
 l - a ring of ice
 m - an amulet of guardian spirit (around neck)

Dungeon Overview and Level Annotations

Branches:
Dungeon (2/15)

Altars:

Annotations:
D:1 Jessica


Message History

Where to? (* - list waypoints, ? - help)
What level of the Dungeon? (default 1, ? - help)
There is a stone staircase leading down here.
You climb downwards.
There is a stone staircase leading up here.
Jessica is nearby!
Waypoint 1 assigned to D:2.
You shoot a sling bullet.
The sling bullet hits Jessica but does no damage.
You shoot a sling bullet. The sling bullet hits Jessica.
Jessica is lightly wounded.
Jessica points at you and mumbles some strange words.
You barely resist. You shoot a sling bullet.
The sling bullet closely misses Jessica.
You shoot a sling bullet.
The sling bullet closely misses Jessica.
You shoot a sling bullet. The sling bullet hits Jessica.
Jessica is moderately wounded.
Jessica hits you with a +0 club.
You shoot a sling bullet.
The sling bullet closely misses Jessica.
Jessica hits you with a +0 club. Jessica hits you but does no damage.
1019 ||| STAIRDANCE Jessica barely misses you.
You climb upwards.
There is a stone staircase leading down here.
Enter note:
Enter note:
Enter note: You shoot a sling bullet.
The sling bullet hits Jessica.
Jessica is almost dead.
Jessica gestures at you while chanting. Pain shoots through your body!
Ouch! That really hurt!
You shoot a sling bullet.
The sling bullet hits Jessica but does no damage.
Jessica is almost dead.
Jessica casts a spell at you. Pain shoots through your body!
You die...

######## #......#
###########.####.#
#............)....
####@..............!.
#...@#######....#.#.#
#######....####.......#.#.#
#.............#.##.##.#.#.#
#.###.##.#.##.#.......#.#.#
#.# #....#...)%(....#.#.#^#
#.# #######....##.......#.#
#.# ##.....#.......#.# #.#
#####...#..#.......#.#


You could see Jessica.

Vanquished Creatures
  3 endoplasms (D:1)
  2 goblins (D:1)
  3 hobgoblins (D:1)
  4 jackals (D:1)
  2 kobolds (D:1)
  A quokka (D:1)
  2 ball pythons (D:1)
  A bat (D:1)
  2 rats (D:1)
20 creatures vanquished.

Notes
Turn   | Place    | Note
-------+----------+-------------------------------------------
     0 | D:1      | qw the Minotaur Hexslinger began the quest for the Orb.
     0 | D:1      | Reached XP level 1. HP: 16/16 MP: 1/1
     0 | D:1      | 0 ||| qw: Version: 0.3-a-40-ge99b1a8
     0 | D:1      | 0 ||| qw: Game counter: 308
     0 | D:1      | 0 ||| qw: Melee chars always use a shield: true
     0 | D:1      | 0 ||| qw: God list: Okawaru
     0 | D:1      | 0 ||| qw: Allow faded altars: false
     0 | D:1      | 0 ||| qw: Do Orc after clearing Dungeon:15 true
     0 | D:1      | 0 ||| qw: Do second Lair branch before Depths: true
     0 | D:1      | 0 ||| qw: Lair rune preference: random
     0 | D:1      | 0 ||| qw: Goals: Normal
     0 | D:1      | 0 ||| PLANNING D:1-11
    34 | D:1      | HP: 2/16 [quokka (3)]
   103 | D:1      | Reached skill level 3 in Ranged Weapons
   103 | D:1      | Reached XP level 2. HP: 23/23 MP: 2/2
   809 | D:1      | 809 ||| UPGRADING to +0 leather armour.
   819 | D:1      | 819 ||| DROPPING +0 robe.
   820 | D:1      | 820 ||| UPGRADING to +0 pair of gloves.
   825 | D:1      | 825 ||| UPGRADING to +0 ring mail.
   835 | D:1      | 835 ||| DROPPING +0 leather armour.
   836 | D:1      | 836 ||| UPGRADING to amulet of guardian spirit.
   841 | D:1      | 841 ||| UPGRADING to +6 ring of strength.
   842 | D:1      | 842 ||| READING scroll labelled JUFERA WEOZO.
   943 | D:1      | 943 ||| READING scroll labelled LOONACE SEASUM.
   989 | D:1      | 989 ||| READING scroll labelled TEWKEU CAM LYM.
   992 | D:1      | 992 ||| READING scroll labelled KOTEEXTIOM.
   993 | D:1      | 993 ||| DRINKING 2 inky potions.
   994 | D:1      | 994 ||| DROPPING scroll of poison.
   995 | D:1      | 995 ||| DROPPING potion of degeneration.
  1012 | D:2      | Noticed Jessica
  1019 | D:2      | 1019 ||| STAIRDANCE
  1021 | D:1      | HP: 6/24 [Jessica/nerve-wracking pain (13)]
  1022 | D:1      | Killed from afar by Jessica

Levels and vault maps discovered:
D:1:      lemuel_arrival_river_ford, layout_basic
D:2:      layout_loops_ring, serial_shops, shop, nicolae_shop_crystal,
          solitary_fountain, nicolae_hexahallways, uniq_jessica, uniq_terence

Skill      XL: |  1  2 |
---------------+-------+-----
Ranged Weapons | 3 |  3.4
Fighting       | 2 |  2.0
Dodging        | |  2.1
Spellcasting   | |  1.0
Hexes          | |  2.0

Action                     || total
---------------------------++-------
   Fire: Sling             ||    61
    Use: Scroll            ||     4
         Potion            ||     1
 Armour: Robe              ||     1
         Ring mail         ||     1
  Dodge: Dodged            ||    21

Table legend:
 A = Non-vault XP
 B = Vault XP
 C = Vault XP percentage of total XP
 D = Non-vault monster count
 E = Vault monster count
 F = Vault count percentage of total count
                 A         B        C        D         E       F
            +---------+---------+-------+---------+---------+-------
      Total |      34 |       0 |   0.0 |      20 |       0 |   0.0
            +---------+---------+-------+---------+---------+-------
        D:1 |      34 |       0 |   0.0 |      20 |       0 |   0.0
            +---------+---------+-------+---------+---------+-------
